Map: Ulrena

Players

WOLOLO - Winner!

  • Race: Zerg Zerg
  • League: Master

MorN

  • Race: Terran Terran
  • League: Diamond

VOD

Have the link to the VOD?

Description

Time

  • Played on: Nov. 12, 2015, 10:10 p.m.
  • Length: 10:42
Show
View Real Time Build Order
Export as new Build Order

WOLOLO Zerg - Winner!

Build Orders: 3 Hatch before Pool 

Get SALT Encoding   

  12  0:01  Drone  
  13  0:12  Overlord  
  13  0:17  Drone  
  14  0:30  Drone x2  
  16  0:50  Hatchery  
  16  0:52  Drone  
  16  0:56  Drone  
  17  1:19  Hatchery  
  16  1:30  Spawning Pool  
  15  1:32  Drone  
  15  1:37  Drone  
  17  1:40  Drone  
  18  1:48  Drone  
  19  1:54  Drone  
  20  2:02  Drone  
  20  2:05  Drone  
  22  2:09  Extractor  
  21  2:18  Queen, Zergling x4  
  21  2:19  Extractor  
  24  2:25  Spore Crawler  
  24  2:27  Queen  
  25  2:33  Drone  
  26  2:43  Zergling x4  
  29  2:47  Drone x3  
  31  2:52  Drone x2  
  33  2:58  Overlord  
  32  3:06  Queen  
  34  3:15  Overlord  
  34  3:19  Drone  
  36  3:20  Drone x2  
  36  3:22  Drone  
  36  3:24  Drone  
  39  3:28  Drone x2  
  39  3:32  Metabolic Boost  
  41  3:36  Drone  
  41  3:37  Drone  
  43  3:46  Drone x2  
  43  3:47  Drone  
  43  3:48  Drone x2  
  48  3:50  Extractor  
  48  3:51  Extractor  
  48  3:54  Drone x3  
  49  4:00  Drone, Overlord  
  50  4:03  Overlord  
  50  4:14  Overlord  
  50  4:19  Queen  
  50  4:20  Queen  
  50  4:23  Drone x2  
  56  4:25  Roach Warren  
  55  4:31  Overlord x2  
  55  4:34  Drone x2  
  57  4:39  Zergling x4  
  57  4:40  Zergling x4  
  61  4:49  Zergling x6  
  61  4:50  Spine Crawler, Zergling x2  
  60  5:12  Drone x4  
  60  5:13  Drone  
  58  5:28  Drone  
  50  5:37  Drone x5  
  55  5:54  Roach x4  
  55  5:55  Roach x4  
  71  5:58  Roach  
  73  6:05  Drone x2  
  68  6:26  Ravager x2  
  68  6:27  Ravager  
  68  6:28  Ravager x6  
  68  6:29  Overlord  
  68  6:30  Overlord x2  
  68  6:32  Drone x4  
  81  6:34  Drone x2  
  81  6:35  Drone  
  84  6:45  Evolution Chamber x2  
  84  6:46  Drone x2  
  84  6:47  Drone x3  
  86  6:51  Drone x2  
  86  6:52  Overlord  
  86  6:54  Lair  
  86  7:22  Zerg Missile Weapons Level 1, Zerg Ground Armor Level 1  
  80  7:42  Drone x3  
  80  7:43  Drone x3, Extractor x2  
  84  7:45  Roach  
  84  7:46  Roach x14  
  114  7:53  Glial Reconstitution  
  114  7:54  Extractor  
  113  8:01  Hatchery  
  112  8:10  Ravager x3  
  112  8:12  Zergling x2  
  116  8:13  Zergling x12  
  116  8:14  Overlord x6  
  122  8:29  Overseer  
  122  8:33  Drone x2  
  125  8:34  Drone x2  
  125  8:35  Drone x2  
  128  8:44  Overlord x2  
  128  8:45  Overlord  
  128  8:49  Hydralisk Den  
  128  8:50  Drone x5  
  128  8:51  Drone x2  
  134  9:00  Roach  
  134  9:01  Roach x4  
  144  9:04  Roach  
  144  9:05  Roach x3  
  150  9:12  Roach x3  
  150  9:13  Roach  
  144  9:58  Hydralisk x8  
  144  9:59  Hydralisk x5  
  168  10:05  Extractor  
  168  10:06  Extractor  
  166  10:08  Roach x5  
  166  10:09  Roach x4  
  184  10:15  Hatchery  
Show
View Real Time Build Order
Export as new Build Order

MorN Terran 

Build Orders: Reaper Expand, MMM Bio 

Get SALT Encoding   

  12  0:00  SCV  
  13  0:13  SCV  
  14  0:18  Supply Depot  
  14  0:25  SCV  
  15  0:39  SCV  
  15  0:40  Barracks  
  16  0:45  Refinery  
  16  0:53  SCV  
  17  1:05  SCV  
  18  1:17  SCV  
  19  1:28  Reaper  
  19  1:29  Orbital Command  
  20  1:48  Command Center  
  20  1:56  SCV  
  21  2:05  Barracks Reactor  
  21  2:08  Supply Depot  
  21  2:10  SCV  
  22  2:22  SCV  
  23  2:32  Factory  
  23  2:34  SCV  
  24  2:43  Marine  
  24  2:44  Marine  
  26  2:46  SCV  
  27  3:01  Marine x2  
  27  3:05  Orbital Command  
  29  3:06  SCV  
  30  3:24  Starport  
  30  3:25  SCV  
  31  3:30  Supply Depot  
  31  3:32  SCV  
  32  3:35  Hellion x2  
  32  3:37  SCV  
  32  3:41  Refinery  
  37  3:44  SCV  
  38  3:49  SCV  
  38  3:54  Supply Depot  
  39  3:55  Widow Mine  
  39  3:56  SCV, Widow Mine  
  39  4:01  SCV, Medivac  
  47  4:07  Barracks Tech Lab  
  47  4:08  SCV  
  47  4:14  SCV  
  48  4:20  Supply Depot, SCV  
  49  4:25  Hellion x2  
  49  4:26  SCV  
  49  4:27  Stimpack, Barracks x2, Marine  
  55  4:32  SCV  
  55  4:38  SCV  
  57  4:44  SCV  
  57  4:45  Marine  
  58  4:50  SCV  
  60  5:07  SCV x2  
  60  5:09  Marine  
  63  5:17  Supply Depot x2  
  63  5:19  SCV, Supply Depot, Marine x2  
  63  5:20  Factory Reactor  
  63  5:21  Command Center  
  66  5:22  SCV  
  67  5:31  SCV  
  62  5:40  Marine x2  
  62  5:41  Starport Reactor  
  58  5:44  Supply Depot  
  58  5:46  SCV x2, Engineering Bay  
  58  5:47  Engineering Bay  
  58  5:48  Refinery  
  58  5:49  Refinery  
  60  5:52  Barracks  
  60  5:53  Barracks  
  60  5:59  Marauder  
  60  6:02  SCV, Marine x2  
  60  6:04  Factory Tech Lab  
  65  6:06  Supply Depot  
  65  6:07  Supply Depot  
  59  6:19  Marine  
  59  6:25  Marine x3  
  56  6:26  Marine  
  56  6:28  Combat Shields, Medivac x2  
  64  6:36  Terran Infantry Weapons Level 1, Siege Tank  
  64  6:37  Marine  
  68  6:43  Marine x4  
  68  6:44  Terran Infantry Armor Level 1  
  72  6:50  Supply Depot  
  72  6:51  Supply Depot  
  72  6:53  Barracks Reactor x2  
  72  6:55  Missile Turret, Marine  
  72  7:01  Marine  
  73  7:08  Marine x3  
  76  7:14  Marauder  
  73  7:20  Marine  
  73  7:22  Medivac x2  
  71  7:25  Marine  
  71  7:26  Marine x2  
  73  7:31  Marine  
  73  7:34  Marine  
  69  7:40  Marine x3  
  69  7:43  Siege Tank  
  74  7:45  SCV x2  
  74  7:50  Marine x5  
  81  7:52  Medivac  
  81  7:53  Marauder  
  81  7:55  Barracks  
  81  7:56  Orbital Command  
  81  7:57  SCV, Barracks  
  81  7:58  SCV, Barracks  
  87  8:07  Armory  
  87  8:10  SCV x2, Supply Depot  
  87  8:12  Marine  
  90  8:13  Supply Depot  
  90  8:14  Marauder  
  90  8:15  Marine x2  
  93  8:29  Marine  
  93  8:30  Siege Tank, Marine x2  
  93  8:31  Marine x3  
  93  8:33  Marine  
  93  8:34  SCV x2  
  105  8:36  SCV  
  106  8:46  SCV x2, Marine  
  109  8:48  Barracks Tech Lab x2  
  109  8:49  Barracks Reactor  
  109  8:50  Marauder  
  109  8:53  Marine x2  
  114  8:55  SCV  
  114  8:58  SCV  
  114  9:02  Supply Depot, Marine x2  
  112  9:11  Marauder x2, Marine x2  
  115  9:23  Orbital Command  
  94  9:32  Marine x2  
  94  9:33  Marauder x2  
  81  9:54  Marine x4  
  81  9:55  Marine x8  
  92  10:06  Marauder  
  93  10:12  Marine x4  
  93  10:13  Marine x8  
Tags
 
Add a new tag
Caveats
  • Supply blocks, unpowered buildings, or Contaminate may cause inaccurate times.
  • Supply counts are checked every 10 seconds.